 Dungeon Crawl Stone Soup version 0.28-a0-1395-g4f6bc678fa (webtiles) character file.

Game seed: 14477751493204285814

87071 Lekart the Warrior (level 15, -1/147 HPs)
             Began as a Red Draconian Fighter on Jan 4, 2022.
             Was the Champion of Lugonu.
             Killed by nerve-wracking pain
             ... invoked by an orc priest
              (4 damage)
             ... on level 1 of the Orcish Mines.
             The game lasted 00:53:59 (26001 turns).

Lekart the Warrior (Red Draconian Fighter)         Turns: 26001, Time: 00:54:00

Health: -1/147     AC: 14    Str: 27    XL:     15   Next: 42%
Magic:  0/29       EV: 16    Int:  9    God:    Lugonu [******]
Gold:   2411       SH:  6    Dex: 17    Spells: 14/14 levels left

rFire   + . .      SeeInvis .   L - +4 broad axe (flame)
rCold   . . .      Faith    .   b - +0 buckler
rNeg    . . .      Spirit   +   (armour unavailable)
rPois   .          Reflect  .   (helmet restricted)
rElec   .          Harm     .   g - +1 cloak
rCorr   +          Rampage  .   e - +2 pair of gloves of Deofaem {Str+8}
Will    +....                   (no boots)
Stlth   +++.......              x - amulet of guardian spirit
HPRegen 0.34/turn               r - ring of resist corrosion
MPRegen 0.21/turn               s - ring of magical power

@: no status effects
A: breathe fire, AC +9, unfitting armour, fire resistance 1, cold-blooded,
talons 1, mutation resistance 1, screaming 1
a: Breathe Fire, Renounce Religion, Depart the Abyss, Bend Space, Banish,
Corrupt, Enter the Abyss, Brand Weapon With Distortion


You were on level 1 of the Orcish Mines.
You worshipped Lugonu.
Lugonu was exalted by your worship.
You visited 4 branches of the dungeon, and saw 22 of its levels.
You visited the Abyss 1 time.
You also visited: Volcano.

You collected 2508 gold pieces.
You spent 97 gold pieces at shops.

Inventory:

Hand Weapons
 l - the +9 hunting sling of Imbalance {speed, rN+}
   (You found it on level 3 of the Dungeon)

   Attacks with this weapon are significantly faster.
   rN:        It protects you from negative energy.
 L - a +4 broad axe of flaming (weapon)
Missiles
 n - 326 stones
 H - 55 sling bullets
Armour
 b - a +0 buckler (worn)
 e - the +2 pair of gloves of Deofaem (worn) {Str+8}
   (You acquired it on level 8 of the Dungeon)

   Str:       It affects your strength (+8).
 g - a +1 cloak (worn)
 J - an orb of energy
 P - the +2 pair of gloves of the Vanishing Beggars {-Cast rC+++ Str+4 Dex+2}
   (You found it on level 5 of the Lair of Beasts)

   Str:       It affects your strength (+4).
   Dex:       It affects your dexterity (+2).
   rC:        It renders you almost immune to cold.
   -Cast:     It prevents spellcasting.
Jewellery
 r - a ring of resist corrosion (left hand)
 s - a ring of magical power (right hand)
 x - an amulet of guardian spirit (around neck)
 D - a ring of ice
 F - a ring of flight
 G - a ring of wizardry
 M - a ring of poison resistance
 O - an amulet of regeneration
Wands
 q - a wand of charming (10) (quivered)
 v - a wand of digging (9)
 y - a wand of paralysis (11)
 z - a wand of flame (19)
 A - a wand of acid (3)
 B - a wand of polymorph (8)
 S - a wand of iceblast (2)
Scrolls
 a - a scroll of acquirement
 h - 2 scrolls of holy word
 j - 11 scrolls of identify
 k - 7 scrolls of teleportation
 o - 4 scrolls of silence
 u - 4 scrolls of enchant weapon
 I - 3 scrolls of summoning
 K - a scroll of enchant armour
 N - a scroll of magic mapping {unknown}
Potions
 c - a potion of might
 d - 4 potions of magic
 f - 3 potions of haste
 i - 5 potions of resistance
 m - 2 potions of cancellation
 p - 3 potions of curing
 t - 3 potions of brilliance
 Q - 5 potions of ambrosia
Miscellaneous
 C - a phial of floods
 E - a box of beasts (inert)
 R - a lightning rod (4/4)


   Skills:
 + Level 17.5 Fighting
 + Level 7.8 Axes
 + Level 16.4 Slings
 + Level 6.9 Dodging
 + Level 3.8 Stealth
 + Level 6.3 Shields
 * Level 7.4 Invocations
 + Level 3.8 Evocations


You had 14 spell levels left.
You didn't know any spells.
Your spell library contained the following spells:

 Spells                   Type           Power      Damage    Failure   Level
 Foxfire                  Conj/Fire      0%         2x1d4     38%         1
 Magic Dart               Conj           0%         1d3       38%         1
 Sandblast                Erth           0%         2d4       38%         1
 Shock                    Conj/Air       0%         1d3       38%         1
 Sting                    Tmut/Pois      0%         1d3       38%         1
 Summon Small Mammal      Summ           0%         N/A       38%         1
 Call Imp                 Summ           0%         N/A       52%         2
 Passwall                 Tmut/Erth      0%         N/A       52%         2
 Poisonous Vapours        Pois/Air       0%         N/A       52%         2
 Searing Ray              Conj           0%         2d4       52%         2
 Static Discharge         Conj/Air       0%         N/A       52%         2
 Call Canine Familiar     Summ           0%         N/A       77%         3
 Confusing Touch          Hex            0%         N/A       77%         3
 Conjure Flame            Conj/Fire      0%         6-21      77%         3
 Inner Flame              Hex/Fire       0%         N/A       77%         3
 Mephitic Cloud           Conj/Pois/Air  0%         N/A       77%         3
 Stone Arrow              Conj/Erth      0%         3d7       77%         3
 Summon Guardian Golem    Hex/Summ       0%         N/A       77%         3
 Swiftness                Air            0%         N/A       77%         3
 Airstrike                Air            0%         N/A       99%         4
 Animate Dead             Necr           0%         N/A       99%         4
 Flame Wave               Conj/Fire      0%         2d4       99%         4
 Fulminant Prism          Conj/Hex       0%         3d6       99%         4
 Olgreb's Toxic Radiance  Pois           0%         N/A       99%         4
 Summon Ice Beast         Ice/Summ       0%         N/A       99%         4
 Borgnjor's Vile Clutch   Necr/Erth      0%         N/A       100%        5
 Fireball                 Conj/Fire      0%         3d3       100%        5
 Iskenderun's Battlesphe  Conj           0%         2d6       100%        5
 Lightning Bolt           Conj/Air       0%         1d11      100%        5
 Summon Forest            Summ/Tloc      0%         N/A       100%        5
 Summon Mana Viper        Hex/Summ       0%         N/A       100%        5
 Yara's Violent Unravell  Hex/Tmut       0%         3d3       100%        5
 Conjure Ball Lightning   Conj/Air       0%         3x3d6     100%        6
 Death Channel            Necr           0%         N/A       100%        6
 Summon Cactus Giant      Summ           0%         N/A       100%        6
 Enfeeble                 Hex            0%         N/A       100%        7
 Monstrous Menagerie      Summ           0%         N/A       100%        7
 Orb of Destruction       Conj           0%         N/A       100%        7
 Maxwell's Capacitive Co  Air            0%         ∞         100%        8


Dungeon Overview and Level Annotations

Branches:
Dungeon (13/15)            Temple (1/1) D:5            Lair (6/6) D:10
  Swamp (0/4) Lair:3       Spider (0/4) Lair:3        Slime (0/5) Lair:6
    Orc (2/2) D:9             Elf (0/3) Orc:2        Vaults (0/5) D:13
Volcano (visited)

Altars:
Ashenzari
Cheibriados
Dithmenos
Elyvilon
Fedhas
Gozag
Hepliaklqana
Kikubaaqudgha
Makhleb
Nemelex Xobeh
Okawaru
Qazlal
Ru
Sif Muna
Trog
Uskayaw
Vehumet
Wu Jian
Xom
Yredelemnul
Zin
The Shining One
Lugonu

Shops:
D:8 [   Orc:2 *

Portals:
Abyss: Lair:6

Annotations:
D:4 exclusion: downstairs
Orc:1 exclusion: downstairs


Innate Abilities, Weirdness & Mutations

You can breathe blasts of fire.
Your fiery red scales are hard. (AC +9)
You cannot fit into any form of body armour.
Your flesh is heat resistant. (rF+)
You are cold-blooded and may be slowed by cold attacks.
You have sharp toenails.
You are somewhat resistant to further mutation.
You occasionally shout uncontrollably at your foes.


Message History

Beogh smites you!
* * * LOW HITPOINT WARNING * * *
The orc warrior hits you with a +0 halberd!!
* * * LOW HITPOINT WARNING * * *
A magic dart appears from out of thin air!
The magic dart hits something.
The orc priest hits you but does no damage.
The orc sorcerer hits you with a +0 dagger.
* * * LOW HITPOINT WARNING * * *
You hear a shout!
Something hits you but does no damage. The ogre hits you with a +0 giant club!
* * * LOW HITPOINT WARNING * * *
The orc warrior hits you with a +0 short sword.
* * * LOW HITPOINT WARNING * * *
The orc sorcerer hits you with a +0 dagger.
* * * LOW HITPOINT WARNING * * *
You can move again.
Okay, then.
Okay, then.
You feel much better. Something hits you.
* * * LOW HITPOINT WARNING * * *
Something hits you.
* * * LOW HITPOINT WARNING * * *
The orc priest looks satisfied for a moment.
You block the ogre's attack.
The orc knight roars a battlecry!
The orc goes into a battle-frenzy!
The orc sorcerer hits you with a +0 dagger.
* * * LOW HITPOINT WARNING * * *
Okay, then.
Space bends around you!
You blink.
The orc priest calls down the wrath of Beogh upon you.
Beogh smites you!
* * * LOW HITPOINT WARNING * * *
The orc priest invokes the aid of Beogh against you.
Beogh smites you!
* * * LOW HITPOINT WARNING * * *
The orc priest mumbles some strange prayers to Beogh against you.
Pain shoots through your body!
You die...

...#...........
..........ooo......
.......ooo.o......
......o.o>o......
..$.o.ooo(.($..(
......o.O......
###.oo.o..>......
##.##......O#o$......
#.....@o..$o.....#...
.............#...#....
.##......#.....$..#...
###.#.###..#.......
##### ..# ## .## #


You could see 2 orc knights, an orc sorcerer (strong), 5 orc warriors, an ogre,
3 orc priests, an orc wizard (strong) and 6 orcs.

Vanquished Creatures
  Kirke (D:12)
  A green death (Abyss:4)
  A fire dragon (Volcano)
  Josephine (D:13)
  2 boulder beetles
  7 hydras
  2 catoblepae
  4 centaur warriors
  12 two-headed ogres
  Urug (Lair:2)
  7 death yaks (D:10)
  4 thrashing horrors (Lair:6)
  Nergalle (Lair:2)
  A wizard (D:13)
  2 bog bodies (Lair:3)
  3 deep elf pyromancers (D:12)
  A necromancer (D:10)
  A cyclops (D:12)
  2 ugly things
  3 salamanders (Volcano)
  A faun (shapeshifter) (Lair:6)
  2 manticores
  14 elephants
  A worldbinder (Abyss:3)
  4 black mambas
  Joseph (Lair:1)
  2 smoke demons (Lair:6)
  5 gargoyles
  9 cane toads
  Psyche (D:12)
  An efreet (D:12)
  An unseen horror (D:12)
  13 komodo dragons
  2 rime drakes (Lair:6)
  An ancient zyme (Lair:6)
  2 polar bears
  A queen bee (Lair:6)
  5 trolls
  3 meliai (Lair:6)
  Prince Ribbit (D:7)
  A hornet (shapeshifter) (Lair:6)
  36 blink frogs
  6 dream sheep (Lair:4)
  7 slime creatures
  A jumping spider (Lair:3)
  A culicivora (shapeshifter) (D:13)
  2 vampires (D:12)
  A shadow (D:10)
  6 wraiths
  3 ynoxinuls (Lair:6)
  6 wyverns
  5 hogs (D:12)
  A fire bat (Volcano)
  3 large abominations
  39 yaks
  2 chaos spawn
  5 steam dragons (Volcano)
  Grum (D:8)
  10 basilisks
  2 wargs
  An acid dragon (D:12)
  10 small abominations (Lair:6)
  Duvessa (D:6)
  3 sky beasts
  12 water moccasins
  2 hell hounds (Lair:1)
  3 ice beasts
  11 orc warriors
  3 black bears
  9 ogres
  4 centaurs
  21 wolves
  2 kobold brigands
  15 bullfrogs
  A gnoll sergeant (D:12)
  2 scorpions (Lair:1)
  A water moccasin skeleton (D:4)
  Dowan (D:6)
  37 killer bees
  8 wights
  8 howler monkeys
  A bullfrog zombie (D:6)
  2 centaur zombies
  7 hounds
  A bullfrog skeleton (D:7)
  6 orc priests
  5 iguanas
  17 jellies
  2 centaur skeletons
  5 hell rats (Lair:3)
  10 orc wizards
  A hound skeleton (D:4)
  4 gnolls
  10 adders
  3 shadow imps
  A white imp (D:6)
  A worm (D:3)
  2 dart slugs
  48 orcs
  7 ball pythons
  3 endoplasms
  2 giant cockroaches
  9 hobgoblins
  2 jackals (D:3)
  4 kobolds
  4 quokkas
  2 frilled lizards
  5 goblins
  4 rats
588 creatures vanquished.

Vanquished Creatures (collateral kills)
  A blink frog (Lair:6)
  A yak (D:8)
  An orc warrior (D:8)
  An orc wizard (D:8)
  A white imp (D:8)
5 creatures vanquished.

Vanquished Creatures (others)
  A thrashing horror (Abyss:4)
  A deep elf pyromancer (D:13)
  A blink frog (Lair:6)
  An orc (Orc:1)
  46 fungi
  92 plants
142 creatures vanquished.

Grand Total: 735 creatures vanquished

Notes
Turn   | Place    | Note
-------+----------+-------------------------------------------
     0 | D:1      | Lekart the Draconian Fighter began the quest for the Orb.
     0 | D:1      | Reached XP level 1. HP: 19/19 MP: 1/1
   500 | D:1      | Reached XP level 2. HP: 26/26 MP: 2/2
  1021 | D:2      | Found a faded altar of an unknown god.
  1472 | D:3      | Reached XP level 3. HP: 33/33 MP: 3/3
  1700 | D:3      | Identified the +4 chain mail of the Invisible Hand {Harm
                  | rN+ Stlth+}
  1730 | D:3      | Identified the +9 hunting sling of Imbalance {speed, rN+}
  1857 | D:3      | Reached skill level 4 in Fighting
  1857 | D:3      | Reached XP level 4. HP: 36/40 MP: 4/4
  2338 | D:3      | Reached XP level 5. HP: 30/46 MP: 5/5
  2567 | D:3      | Gained mutation: You are resistant to electric shocks.
                  | (rElec) [potion of mutation]
  2567 | D:3      | Gained mutation: You have supernaturally acute eyesight.
                  | (SInv) [potion of mutation]
  2567 | D:3      | Gained mutation: You are agile. (Dex +2) [potion of
                  | mutation]
  3109 | D:4      | Noticed an orc warrior
  3123 | D:4      | Killed an orc warrior
  3124 | D:4      | Reached skill level 1 in Slings
  3124 | D:4      | Reached XP level 6. HP: 26/53 MP: 6/6
  3125 | D:4      | Reached skill level 1 in Stealth
  4423 | D:5      | Entered Level 5 of the Dungeon
  4432 | D:5      | Your scales start taking on a fiery red colour.
  4432 | D:5      | Reached XP level 7. HP: 60/60 MP: 7/7
  4432 | D:5      | Gained mutation: Your flesh is heat resistant. (rF+) [Red
                  | Draconian growth]
  4548 | D:5      | Reached skill level 5 in Fighting
  4819 | D:5      | Found a staircase to the Ecumenical Temple.
  4967 | D:5      | Found a shimmering blue altar of Sif Muna.
  5157 | Temple   | Entered the Ecumenical Temple
  5320 | Temple   | Became a worshipper of Xom of Chaos
  5512 | D:6      | XOM: silly message
  5627 | D:6      | Reached skill level 5 in Slings
  5660 | D:6      | Reached XP level 8. HP: 68/68 MP: 8/8
  5662 | D:6      | Noticed Dowan
  5667 | D:6      | Killed Dowan
  5670 | D:6      | Noticed Duvessa
  5680 | D:6      | Killed Duvessa
  5973 | D:6      | XOM: divination: detect items
  6278 | D:6      | XOM: silly message
  6379 | D:7      | XOM: potion effect (invisibility)
  6383 | D:7      | Reached skill level 6 in Fighting
  6392 | D:7      | Noticed Prince Ribbit
  6404 | D:7      | XOM: confuse monster(s)
  6411 | D:7      | Killed Prince Ribbit
  6463 | D:7      | Reached XP level 9. HP: 78/78 MP: 9/9
  6589 | D:7      | XOM: give mutations
  6589 | D:7      | Gained mutation: Your body sometimes deteriorates upon
                  | taking damage. [Xom's mischief]
  6589 | D:7      | Lost mutation: You are agile. (Dex +2) [Xom's mischief]
  6675 | D:7      | XOM: give mutations
  6675 | D:7      | Gained mutation: You are somewhat resistant to further
                  | mutation. [Xom's grace]
  6675 | D:7      | Gained mutation: Your spells are a little harder to cast,
                  | but a little more powerful. [Xom's grace]
  6858 | D:7      | Reached skill level 7 in Fighting
  6904 | D:7      | Found a hide-covered altar of Uskayaw.
  6954 | D:8      | XOM: polymorph killer bee -> iguana
  7137 | D:8      | XOM: 2-stop teleportation journey
  7165 | D:8      | XOM: noise
  7195 | D:8      | Found Zuadurups's Armour Emporium.
  7215 | D:8      | Found an ornate altar of the Wu Jian Council.
  7288 | D:8      | XOM: summons 5 hostile demons
  7289 | D:8      | Noticed an ice devil
  7712 | D:8      | Noticed Grum
  7724 | D:8      | Killed Grum
  7898 | D:8      | Found a blossoming altar of Fedhas.
  8090 | D:8      | Found a glowing silver altar of Zin.
  8090 | D:8      | Noticed an angel
  8160 | D:8      | Noticed a two-headed ogre
  8169 | D:8      | Killed a two-headed ogre
  8170 | D:8      | Reached skill level 8 in Fighting
  8170 | D:8      | Reached skill level 10 in Slings
  8170 | D:8      | Reached XP level 10. HP: 88/88 MP: 10/10
  8174 | D:8      | Identified a scroll of acquirement
  8174 | D:8      | Acquired the +2 pair of gloves of Deofaem {Str+8}
  8211 | D:8      | XOM is BORED!
  8211 | D:8      | XOM: give mutation
  8211 | D:8      | Gained mutation: You are weak. (Str -2) [Xom's mischief]
  8332 | D:8      | Noticed a centaur warrior
  8332 | D:8      | Noticed a two-headed ogre
  8337 | D:8      | XOM: summons 4 hostile shadow creatures
  8338 | D:8      | Noticed a two-headed ogre
  8410 | D:8      | XOM: confuse monster(s)
  8682 | D:9      | XOM: divination: magic mapping
  8852 | D:9      | Found a glowing golden altar of the Shining One.
  9220 | D:9      | Found a staircase to the Orcish Mines.
  9296 | D:9      | XOM: 1-stop teleportation journey
  9406 | D:9      | XOM: swap monsters
  9427 | D:9      | XOM: give mutations
  9427 | D:9      | Lost mutation: Your body sometimes deteriorates upon taking
                  | damage. [Xom's mischief]
  9427 | D:9      | Gained mutation: You are very weak. (Str -4) [Xom's
                  | mischief]
  9495 | D:9      | XOM: give mutation
  9495 | D:9      | Gained mutation: You are dopey. (Int -2) [Xom's mischief]
  9550 | D:9      | XOM: give mutation
  9550 | D:9      | Gained mutation: You sometimes lose the ability to read
                  | scrolls when taking damage. [Xom's mischief]
  9574 | D:9      | XOM: draining
  9610 | Orc:1    | Entered Level 1 of the Orcish Mines
  9790 | Orc:1    | Acquired 645 gold pieces
  9848 | Orc:2    | Entered Level 2 of the Orcish Mines
  9853 | Orc:2    | Reached skill level 9 in Fighting
  9880 | Orc:2    | Found Gengohe's General Store.
  9918 | Orc:2    | Found a staircase to the Elven Halls.
  9922 | Orc:2    | Bought a scroll of enchant weapon for 97 gold pieces
 10065 | Orc:2    | Noticed a two-headed ogre
 10067 | Orc:2    | Noticed a two-headed ogre
 10067 | Orc:2    | Noticed a two-headed ogre
 10069 | Orc:2    | Noticed an ogre mage
 10073 | Orc:2    | Noticed a two-headed ogre
 10073 | Orc:2    | Noticed a two-headed ogre
 10075 | Orc:2    | Noticed an ogre mage
 10092 | Orc:2    | XOM: divination: magic mapping
 10095 | Orc:1    | Noticed an orc knight
 10095 | Orc:1    | XOM: potion effect (invisibility)
 10096 | Orc:1    | Noticed an orc knight
 10101 | Orc:1    | Noticed an orc sorcerer
 10334 | D:10     | Entered Level 10 of the Dungeon
 10494 | D:10     | Reached XP level 11. HP: 99/99 MP: 11/11
 10501 | D:10     | Reached skill level 1 in Evocations
 10534 | D:10     | Noticed a death yak
 10541 | D:10     | XOM: enchant monster (bad)
 10550 | D:10     | Killed a death yak
 10550 | D:10     | Noticed a death yak
 10564 | D:10     | XOM: divination: detect creatures
 10567 | D:10     | Killed a death yak
 10568 | D:10     | Noticed a death yak
 10568 | D:10     | Noticed a death yak
 10568 | D:10     | Noticed a death yak
 10568 | D:10     | Noticed a death yak
 10569 | D:10     | Noticed a death yak
 10748 | D:10     | Noticed a necromancer
 10755 | D:10     | Killed a necromancer
 10756 | D:10     | Reached skill level 10 in Fighting
 10849 | D:10     | Found a staircase to the Lair.
 10948 | D:10     | XOM: cast spell 'Alistair's Intoxication'
 11006 | D:10     | Killed a death yak
 11009 | D:10     | XOM: cleaving
 11013 | D:10     | XOM: enchant monster (good)
 11022 | D:10     | XOM: summons friendly white imp
 11028 | D:10     | XOM: summons friendly shadow imp
 11038 | D:10     | XOM: cast spell 'Summon Cactus Giant'
 11043 | D:10     | XOM: give mutation
 11043 | D:10     | Lost mutation: You are very weak. (Str -4) [Xom's grace]
 11433 | D:10     | Killed a death yak
 11437 | D:10     | Killed a death yak
 11437 | D:10     | XOM: cast spell 'Disjunction'
 11445 | D:10     | Killed a death yak
 11446 | D:10     | XOM: silly message
 11454 | D:10     | Killed a death yak
 11819 | D:11     | Noticed a two-headed ogre
 11824 | D:11     | Killed a two-headed ogre
 11898 | D:11     | Reached skill level 11 in Fighting
 11914 | D:11     | Noticed a purple ugly thing
 11924 | D:11     | XOM: potion effect (brilliance)
 11930 | D:11     | Killed a purple ugly thing
 11931 | D:11     | Reached skill level 5 in Shields
 12030 | D:11     | Noticed a two-headed ogre
 12041 | D:11     | Killed a two-headed ogre
 12042 | D:11     | Reached skill level 5 in Dodging
 12131 | D:11     | XOM: give mutations
 12131 | D:11     | Lost mutation: You are dopey. (Int -2) [Xom's mischief]
 12131 | D:11     | Lost mutation: You are weak. (Str -2) [Xom's mischief]
 12152 | D:11     | Reached skill level 5 in Axes
 12152 | D:11     | Reached XP level 12. HP: 110/110 MP: 12/12
 12512 | D:12     | Noticed a centaur warrior
 12517 | D:12     | XOM: divination: detect items
 12520 | D:12     | XOM: confuse monster(s)
 12521 | D:12     | XOM: enchant monster (good)
 12525 | D:12     | Killed a centaur warrior
 12785 | D:12     | XOM: noise
 12847 | D:12     | Noticed Kirke
 12862 | D:12     | XOM: cleaving
 12866 | D:12     | XOM: swap monsters
 12875 | D:12     | Found a stormy altar of Qazlal.
 12875 | D:12     | XOM: 4-stop teleportation journey
 12955 | D:12     | XOM: enchant monster (good)
 12974 | D:12     | Killed Kirke
 12975 | D:12     | Reached skill level 12 in Fighting
 13043 | D:12     | XOM: noise
 13239 | D:12     | Noticed a seven-headed hydra
 13243 | D:12     | XOM: enchant monster (bad)
 13245 | D:12     | Killed a seven-headed hydra
 13285 | D:12     | XOM: chaos upgrade
 13372 | D:12     | Reached skill level 13 in Fighting
 13402 | D:12     | XOM: fake destruction
 13439 | D:12     | XOM: blink monster(s)
 13489 | D:12     | XOM: fog
 13571 | D:12     | Noticed a five-headed hydra
 13580 | D:12     | Killed a five-headed hydra
 13581 | D:12     | Noticed a boulder beetle
 13596 | D:12     | XOM: noise
 13602 | D:12     | XOM: cleaving
 13603 | D:12     | XOM: confusion (+ monsters)
 13606 | D:12     | XOM: cast spell 'Metabolic Englaciation'
 13615 | D:12     | Killed a boulder beetle
 13726 | D:12     | Noticed Psyche
 13730 | D:12     | Killed Psyche
 13989 | D:12     | XOM: silly message
 14014 | D:12     | XOM: stat loss: -1 Dex (14/15)
 14044 | D:12     | XOM: give mutations
 14044 | D:12     | Lost mutation: You have supernaturally acute eyesight.
                  | (SInv) [Xom's mischief]
 14044 | D:12     | Gained mutation: You are frail. (-10% HP) [Xom's mischief]
 14044 | D:12     | Lost mutation: Your spells are a little harder to cast, but
                  | a little more powerful. [Xom's mischief]
 14055 | D:12     | XOM is BORED!
 14055 | D:12     | XOM: give mutations
 14055 | D:12     | Lost mutation: You are resistant to electric shocks.
                  | (rElec) [Xom's mischief]
 14055 | D:12     | Gained mutation: You have sharp toenails. [Xom's mischief]
 14277 | D:8      | Killed a centaur warrior
 14387 | D:8      | XOM: noise
 14398 | D:8      | Killed a two-headed ogre
 14399 | D:8      | Reached XP level 13. HP: 79/110 MP: 13/13
 14631 | D:8      | XOM: god gift: 43 gold pieces
 14818 | D:13     | XOM: scenery: create altars
 14924 | D:13     | XOM: destruction
 14935 | D:13     | XOM: divination: detect items
 14939 | D:13     | XOM: summons friendly crimson imp
 14949 | D:13     | Reached skill level 14 in Fighting
 14952 | D:13     | XOM: fog
 14962 | D:13     | Cast into level 2 of the Abyss (a wizard)
 14988 | Abyss:2  | Found an ancient bone altar of Kikubaaqudgha.
 15005 | Abyss:2  | XOM: divination: magic mapping
 15078 | Abyss:4  | Noticed a thorn hunter
 15088 | Abyss:4  | XOM: summons friendly quasit
 15094 | Abyss:4  | XOM: cast spell 'Monstrous Menagerie'
 15131 | Abyss:4  | Noticed a green death
 15142 | Abyss:4  | Killed a green death
 15173 | Abyss:4  | XOM: enchant monster (good)
 15178 | Abyss:4  | Noticed a starcursed mass
 15182 | Abyss:4  | Found a corrupted altar of Lugonu.
 15186 | Abyss:4  | Fell from the grace of Xom
 15186 | Abyss:4  | Became a worshipper of Lugonu the Unformed
 15186 | Abyss:4  | Reached * piety under Lugonu
 15197 | D:13     | Escaped the Abyss
 15693 | D:13     | XOM: summons 14 hostile demons
 15910 | D:13     | Found a gate to the Vaults.
 16019 | D:13     | Noticed Josephine
 16029 | D:13     | Killed Josephine
 16437 | Lair:1   | Entered Level 1 of the Lair of Beasts
 16735 | Lair:1   | XOM: enchant monster (bad)
 16743 | Lair:1   | Reached skill level 15 in Slings
 16806 | Lair:1   | XOM: 6-stop teleportation journey
 16829 | Lair:1   | Noticed Joseph
 16835 | Lair:1   | Killed Joseph
 16948 | Lair:1   | Found a dark tunnel.
 16971 | Volcano  | Entered a volcano
 17019 | Volcano  | Reached skill level 15 in Fighting
 17205 | Volcano  | Reached skill level 1 in Invocations
 17578 | Volcano  | Reached ** piety under Lugonu
 17580 | Volcano  | Noticed a fire dragon
 17611 | Volcano  | Killed a fire dragon
 17678 | Volcano  | XOM: give mutation
 17678 | Volcano  | Gained mutation: You occasionally shout uncontrollably at
                  | your foes. [Xom's mischief]
 17756 | Volcano  | XOM: noise
 17832 | Volcano  | XOM: give mutation
 17832 | Volcano  | Lost mutation: You sometimes lose the ability to read
                  | scrolls when taking damage. [Xom's mischief]
 18027 | Lair:1   | You fall into a shaft and drop 1 floor!
 18032 | Lair:2   | Reached XP level 14. HP: 121/121 MP: 15/15
 18358 | Lair:2   | Noticed Urug
 18361 | Lair:2   | XOM: give mutations
 18361 | Lair:2   | Gained mutation: You sometimes lose the ability to read
                  | scrolls when taking damage. [Xom's mischief]
 18361 | Lair:2   | Gained mutation: You are weak. (Str -2) [Xom's mischief]
 18363 | Lair:2   | Noticed Nergalle
 18376 | Lair:2   | Killed Urug
 18681 | Lair:2   | XOM: give mutations
 18681 | Lair:2   | Lost mutation: You sometimes lose the ability to read
                  | scrolls when taking damage. [Xom's mischief]
 18681 | Lair:2   | Lost mutation: You are weak. (Str -2) [Xom's mischief]
 18681 | Lair:2   | Gained mutation: You are clumsy. (Dex -2) [Xom's mischief]
 18814 | Lair:2   | Killed Nergalle
 19175 | Lair:3   | Reached skill level 16 in Fighting
 19419 | Lair:3   | Reached *** piety under Lugonu
 19550 | Lair:3   | Found a hole to the Spider Nest.
 19669 | Lair:3   | Lost mutation: You are frail. (-10% HP) [potion of
                  | mutation]
 19669 | Lair:3   | Lost mutation: You are clumsy. (Dex -2) [potion of
                  | mutation]
 19669 | Lair:3   | Gained mutation: Your body sometimes deteriorates upon
                  | taking damage. [potion of mutation]
 19867 | Lair:3   | Found a staircase to the Swamp.
 20122 | Lair:3   | XOM: give mutation
 20122 | Lair:3   | Lost mutation: Your body sometimes deteriorates upon taking
                  | damage. [Xom's mischief]
 20401 | Lair:4   | XOM: 2-stop teleportation journey
 20729 | Lair:4   | XOM: noise
 20907 | Lair:4   | Reached **** piety under Lugonu
 20986 | Lair:4   | XOM: silly message
 20986 | Lair:4   | Was forgiven by Xom
 21588 | Lair:5   | Reached skill level 5 in Invocations
 21894 | Lair:5   | Reached ***** piety under Lugonu
 21895 | Lair:5   | Reached skill level 17 in Fighting
 22449 | Lair:5   | Identified the +2 pair of gloves of the Vanishing Beggars
                  | {-Cast rC+++ Str+4 Dex+2}
 22565 | Lair:6   | Entered Level 6 of the Lair of Beasts
 23115 | Lair:6   | Reached XP level 15. HP: 147/147 MP: 19/19
 24948 | Lair:6   | Reached ****** piety under Lugonu
 25184 | Lair:6   | Found a corrupted altar of Lugonu.
 25184 | Lair:6   | Found a one-way gate to the infinite horrors of the Abyss.
 25309 | Lair:6   | Found a staircase to the Slime Pits.
 25992 | Orc:1    | Paralysed by something for 6 turns
 26000 | Orc:1    | HP: 2/147 [orc priest/divine providence (13)]
 26001 | Orc:1    | Killed from afar by an orc priest

Illustrated notes

Levels and vault maps discovered:
D:1:      dpeg_arrival_short_road, layout_loops_ring, minmay_misc_feat_ornament,
          nicolae_figureground_sparkle
D:2:      layout_basic, dreamdust_ecumenical_altar_angels_and_demons
D:3:      minmay_wonky_spiral, layout_rooms, hangedman_decor_peaks_small
D:4:      layout_layer_cave, cheibrodos_gnoll_hut
D:5:      layout_loops_cross, mainiacjoe_overflow_boulevard, temple_fountains,
          minmay_crystal_water
D:6:      layout_loops_corners, uniq_duvessa
D:7:      layout_rooms, lemuel_coloured_pillars_altar, uniq_prince_ribbit1
D:8:      kennysheep_windowed_halls, layout_loops_ring,
          nicolae_wu_jian_glorious_leap, fedhas_ov_isle_minmay, zin_angel,
          serial_shops, nicolae_shop_behind_doors, uniq_grum
D:9:      layout_roguey, tso_metal_star, special_room [special_room_orc]
D:10:     layout_irregular_city, dpeg_lair_monsters, minmay_librarian
D:11:     layout_roguey
D:12:     nicolae_hexawheel, layout_small_grid, minivault_26,
          nicolae_qazlal_eye_of_the_storm, uniq_psyche, uniq_kirke
D:13:     layout_long_grid, david_vaults_1, uniq_josephine
Temple:   nicolae_temple_elliptical
Lair:1:   layout_cave_pods, enter_volcano_3, nicolae_quartered_pool_medium,
          amcnicky_mini_pool_medium, grunt_megastairs_2, serial_bayou_shore_b,
          uniq_joseph
Lair:2:   layout_gridlike, beast_lair_carwin_5, serial_bayou_shore_a, uniq_urug,
          uniq_nergalle
Lair:3:   layout_long_grid, skrybe_swamp_entry_bodies, spider_nest_entry_rubble,
          lemuel_fruit_tree, serial_bayou_shore_b
Lair:4:   layout_cave_pods
Lair:5:   layout_loops_ring
Lair:6:   hellmonk_lair_end_abyssal_woods, layout_loops_ring,
          minmay_slime_entry_jelly_boxes, special_room [special_room_bee],
          grunt_megastairs_1
Orc:1:    layout_caves
Orc:2:    st_orc_ogre_mass, layout_diamond_mine, serial_shops, shop

Skill      XL: |  1  2  3  4  5  6  7  8  9 10 11 12 13 14 15 |
---------------+----------------------------------------------+-----
Dodging        | 3 4 5 6 |  6.9
Fighting       | 4 5 6 8 9 11 13 15 17 | 17.5
Axes           | 3 4 5 6 7 |  7.8
Slings         | 1 2 5 7 10 11 13 14 15 16 | 16.4
Stealth        | 1 2 3 |  3.8
Shields        | 4 5 6 |  6.3
Evocations     | 3 |  3.8
Invocations    | 2 6 7 |  7.4

Action                   |  1- 3 |  4- 6 |  7- 9 | 10-12 | 13-15 || total
-------------------------+-------+-------+-------+-------+-------++-------
Melee: War axe           |    77 |    39 |       |     8 |    10 ||   134
       Tailslap          |     5 |     4 |       |     4 |    31 ||    44
       Kick              |       |       |       |       |    59 ||    59
       Broad axe         |       |       |       |       |   166 ||   166
 Fire: Hunting sling     |       |    58 |   305 |   767 |  1408 ||  2538
Invok: Depart the Abyss  |       |       |       |       |     1 ||     1
       Bend Space        |       |       |       |       |     3 ||     3
 Abil: Breathe Fire      |       |       |     1 |     1 |       ||     2
Evoke: Wand              |       |       |       |    21 |     9 ||    30
       Box of beasts     |       |       |       |       |     1 ||     1
  Use: Scroll            |     3 |     5 |     6 |    12 |     3 ||    29
       Potion            |       |     4 |       |     3 |    14 ||    21
 Stab: Sleeping          |       |     1 |       |       |     1 ||     2
Armor: Skin              |    26 |    11 |    20 |    37 |   246 ||   340
Dodge: Dodged            |    62 |    23 |    35 |    76 |   433 ||   629
Block: Buckler           |    19 |    12 |    15 |    38 |   167 ||   251

Table legend: (Time is in decaauts)
 A = Elapsed time spent in this place.
 B = Non-inter-level travel time spent in this place.
 C = Inter-level travel time spent in this place.
 D = Time resting spent in this place.
 E = Time spent auto-exploring this place.
 F = Levels seen in this place.
 G = Mean time per level.
                   A        B        C        D        E       F      G
               +--------+--------+--------+--------+--------+-----+--------+
         Total |  24691 |  23360 |   1331 |   3839 |  15180 |  26 |  949.7 |
       Dungeon |  14862 |  13839 |   1023 |   1764 |  10065 |  13 | 1143.2 |
        Temple |    177 |    163 |     14 |      0 |    118 |   1 |  177.0 |
          Lair |   7937 |   7651 |    286 |   1877 |   4286 |   6 | 1322.8 |
  Orcish Mines |    648 |    641 |      7 |     44 |    237 |   2 |  324.0 |
         Abyss |    215 |    215 |      0 |     26 |     16 |   3 |   71.7 |
       Volcano |    850 |    850 |      0 |    128 |    458 |   1 |  850.0 |
               +--------+--------+--------+--------+--------+-----+--------+

Top non-repeatable levels by time:
  Lair:6: 3082 daAuts
     D:8: 2013 daAuts
    D:12: 1849 daAuts
     D:4: 1667 daAuts
    D:10: 1384 daAuts
     D:3: 1272 daAuts
  Lair:3: 1156 daAuts
  Lair:4: 1148 daAuts
     D:9: 1072 daAuts
     D:6: 995 daAuts
    D:13: 976 daAuts
  Lair:5: 896 daAuts
     D:2: 856 daAuts
 Volcano: 850 daAuts
  Lair:1: 833 daAuts
